 Dungeon Crawl Stone Soup version 0.26.1-11-gd32895ea62 (webtiles) character file.

Game seed: 6117436906976325764

8124 H0rd4k the Martial Artist (level 11, -1/68 HPs)
             Began as an Octopode Transmuter on June 14, 2021.
             Was an Initiate of Gozag.
             Slain by a six-headed hydra (4 damage)
             ... in a Gauntlet.
             The game lasted 00:25:26 (17029 turns).

H0rd4k the Martial Artist (Octopode Transmuter)    Turns: 17029, Time: 00:25:27

Health: -1/68      AC:  1    Str: 11    XL:     11   Next: 26%
Magic:  30/30      EV: 16    Int: 17    God:    Gozag
Gold:   1431       SH:  0    Dex: 13    Spells: 2/23 levels left

rFire    + . .     SeeInvis .     - Unarmed
rCold    x . .     Faith    .   (no shield)
rNeg     . . .     Spirit   .   (helmet restricted)
rPois    .         Reflect  .   m - amulet of the acrobat
rElec    .         Harm     .   g - ring of willpower
rCorr    .         Rampage  .   j - ring of magical power
Will     +....     NoTele   +   u - ring of fire
Stlth    ++++......             D - ring of flight
HPRegen  0.21/turn              (no ring)
MPRegen  0.22/turn              (no ring)
                                (no ring)
                                (no ring)

@: no status effects
A: almost no armour, stealthy swim, amphibious, 8 rings, constrict 8, camouflage
1, gelatinous body 1
a: Renounce Religion, Evoke Flight, Potion Petition, Call Merchant, Bribe Branch


You were in a Gauntlet.
You worshipped Gozag.
Gozag was most pleased with you.
You visited 1 branch of the dungeon, and saw 11 of its levels.
You also visited: Gauntlet.

You collected 1715 gold pieces.
You spent 220 gold pieces at shops.
You paid 64 gold pieces to Gozag.

Inventory:

Jewellery
 g - a ring of willpower (left tentacle)
 j - a ring of magical power (right tentacle)
 m - an amulet of the acrobat (around mantle)
 s - a +4 ring of protection {unknown}
 u - a ring of fire (on tentacle)
 D - a ring of flight (on tentacle)
Wands
 v - a wand of iceblast (4)
 x - a wand of flame (19)
 A - a wand of paralysis (1)
 B - a wand of random effects (26)
 I - a wand of polymorph (5)
Scrolls
 b - 8 scrolls of teleportation {unknown}
 d - 3 scrolls of remove curse
 e - 2 scrolls of blinking {unknown}
 k - a scroll of acquirement {unknown}
 l - 2 scrolls of fear {unknown}
 q - 3 scrolls of enchant weapon
 t - a scroll of summoning {unknown}
 w - a scroll of noise {unknown}
 y - 3 scrolls of holy word {unknown}
 E - a scroll of immolation {unknown}
Potions
 a - 5 potions of curing
 c - a potion of resistance {unknown}
 f - 4 potions of mutation
 h - 3 potions of degeneration
 i - a potion of heal wounds
 n - 2 potions of ambrosia
 o - a potion of haste {unknown}
 p - 3 potions of flight
 z - a potion of invisibility
 C - a potion of might
 F - 2 potions of cancellation {unknown}
 H - a potion of magic {unknown}


   Skills:
 + Level 3.9 Fighting
 + Level 5.5 Dodging
 + Level 5.9 Stealth
 + Level 11.1 Unarmed Combat
 + Level 6.9 Spellcasting
 + Level 1.7 Hexes
 + Level 6.8 Transmutations
 - Level 4.1 Poison Magic
 + Level 1.5 Evocations


You had 2 spell levels left.
You knew the following spells:

 Your Spells              Type           Power        Failure   Level
a - Beastly Appendage     Tmut           58%          1%          1
b - Spider Form           Tmut/Pois      12%          3%          3
c - Blade Hands           Tmut           14%          19%         5
d - Confusing Touch       Hex            11%          17%         3
e - Yara's Violent Unrav  Hex/Tmut       10%          50%         5
f - Ice Form              Ice/Tmut       17%          28%         4

Your spell library contained the following spells:

 Spells                   Type           Power        Failure   Level
 Wereblood                Tmut           29%          1%          2
 Petrify                  Tmut/Erth      17%          28%         4
 Gell's Gravitas          Tloc           2%           34%         3
 Metabolic Englaciation   Hex/Ice        4%           92%         5


Dungeon Overview and Level Annotations

Branches:
Dungeon (11/15)            Temple (0/1) D:5            Lair (0/6) D:9
    Orc (0/2) D:11        Gauntlet (1/1)

Altars:
Ashenzari
Dithmenos
Gozag
Makhleb
Ru
Xom
The Shining One

Shops:
D:8 :   D:10 }

Portals:
Bailey: D:11

Annotations:
D:7 2 runed translucent doors, Harold
D:8 Maggie
D:10 exclusion: gargoyle Gauntlet 8 transporters, 1 runed translucent door


Innate Abilities, Weirdness & Mutations

You cannot wear most types of armour.
You are very stealthy in the water. (Stealth+)
You are amphibious.
You can wear up to eight rings at the same time.
You can use your tentacles to constrict eight enemies at once.
Your skin changes colour to match your surroundings (Stealth+).
Your rubbery body absorbs attacks. (AC +1, EV +1)


Message History

The six-headed hydra barely misses you.
A minotaur comes into view. It is quivering 20 silver javelins.
The six-headed hydra bites you!
The six-headed hydra completely misses you.
The six-headed hydra bites you.
* * * LOW HITPOINT WARNING * * *
The six-headed hydra closely misses you.
The six-headed hydra bites you!
* * * LOW HITPOINT WARNING * * *
The six-headed hydra closely misses you.
The minotaur moves out of view.
You hear a bellow!
Okay, then.
There is a transporter landing site here.
As you read the scroll labelled SOISUM ZAGA, it crumbles to dust.
It is a scroll of enchant armour.
You aren't carrying any armour which can be enchanted further.
The six-headed hydra misses you. The six-headed hydra bites you.
You die...
Your body crumbles into a pile of gold.

#.#.#5#5#.P.## .♣.##.
##.#5#[##.♣..##.....
#.#.#.#©#.....#.♣.#
##.#.#.##...♣.#...##.
#.#.#.#)#.....#.©....
##.#.#5##.....#...##.##.
#########.....#.©.##....
...........∩..#...H..#
#########.....#.@.##. .
#.....*3#.....#.D.##....
#.#####!#.....#.©....#
#3*...#©#...♣.#...##.#
#####.###..P..#.♣.# ..
#^.^#...#.♣..##..... #.
#.#.###.#...###.♣.##.
#©#^..+.#...≈##...#
#########.P.≈≈#####


You could see a minotaur and a six-headed hydra.

Vanquished Creatures
  2 two-headed ogres
  A slime creature (Gauntlet)
  A hornet (D:9)
  Prince Ribbit (D:6)
  Grinder (D:5)
  A slime creature (shapeshifter) (Gauntlet)
  10 yaks
  Eustachio (D:6)
  Duvessa (D:4)
  3 orc warriors
  A black bear (D:10)
  3 sky beasts
  2 ice beasts
  3 phantoms
  A necrophage (D:5)
  6 ogres
  4 centaurs
  3 bullfrogs
  Dowan (D:4)
  A wyvern skeleton (D:6)
  4 scorpions
  A howler monkey (D:10)
  An electric eel (D:8)
  2 bullfrog zombies (D:5)
  3 hounds
  A centaur skeleton (D:5)
  10 orc wizards
  4 orc priests
  3 jellies
  9 worker ants
  2 hound skeletons (D:4)
  4 gnolls (D:11)
  3 howler monkey skeletons
  10 adders
  2 white imps (D:5)
  3 oozes (D:3)
  2 worms
  6 dart slugs
  7 leopard geckos
  56 orcs
  6 giant cockroaches
  9 goblins
  4 hobgoblins
  4 jackals (D:1)
  2 quokkas (D:2)
  A ball python (D:2)
  4 bats
  8 frilled lizards
  4 kobolds
  A leopard gecko skeleton (D:5)
  A quokka skeleton (D:5)
  A quokka zombie (D:5)
  10 rats
235 creatures vanquished.

Vanquished Creatures (others)
  4 withered plants (Gauntlet)
4 creatures vanquished.

Grand Total: 239 creatures vanquished

Notes
Turn   | Place    | Note
-------+----------+-------------------------------------------
     0 | D:1      | H0rd4k the Octopode Transmuter began the quest for the Orb.
     0 | D:1      | Reached XP level 1. HP: 13/13 MP: 3/3
   372 | D:1      | Reached XP level 2. HP: 16/18 MP: 5/5
   899 | D:1      | Reached XP level 3. HP: 21/23 MP: 6/6
   903 | D:1      | Learned a level 3 spell: Spider Form
  1752 | D:2      | Reached skill level 4 in Unarmed Combat
  1752 | D:2      | Reached XP level 4. HP: 26/28 MP: 5/7
  2306 | D:2      | Found a burning altar of Makhleb.
  2306 | D:2      | Noticed a cacodemon
  2309 | D:2      | Noticed a smoke demon
  2309 | D:2      | Noticed a ynoxinul
  2516 | D:3      | Reached skill level 1 in Poison Magic
  2623 | D:2      | Reached XP level 5. HP: 12/33 MP: 8/8
  3373 | D:3      | Reached skill level 5 in Unarmed Combat
  3373 | D:3      | Reached XP level 6. HP: 28/38 MP: 10/10
  4347 | D:4      | Found a shimmering altar of Xom.
  4599 | D:4      | Found a broken altar of Ashenzari.
  4599 | D:4      | Found an opulent altar of Gozag.
  4600 | D:4      | Found a shadowy altar of Dithmenos.
  4601 | D:4      | Found a glowing golden altar of the Shining One.
  4607 | D:4      | Became a worshipper of Gozag Ym Sagoz the Greedy
  4889 | D:4      | Noticed Duvessa
  5102 | D:5      | Entered Level 5 of the Dungeon
  5401 | D:5      | Reached XP level 7. HP: 32/43 MP: 11/11
  5494 | D:5      | Found a staircase to the Ecumenical Temple.
  6200 | D:5      | Reached skill level 6 in Unarmed Combat
  6468 | D:5      | Noticed Grinder
  6869 | D:5      | Reached XP level 8. HP: 46/50 MP: 13/13
  7669 | D:6      | Noticed Eustachio
  7694 | D:6      | Killed Eustachio
  7695 | D:6      | Reached skill level 7 in Unarmed Combat
  8033 | D:6      | Noticed Prince Ribbit
  8064 | D:6      | Killed Prince Ribbit
  8247 | D:6      | Reached skill level 5 in Transmutations
  8621 | D:6      | Learned a level 5 spell: Blade Hands
  8725 | D:7      | Found a runed translucent door.
  8727 | D:7      | Found a runed translucent door.
  8951 | D:7      | Reached XP level 9. HP: 46/54 MP: 16/16
  9347 | D:7      | Noticed Harold
  9372 | D:7      | Found a sacrificial altar of Ru.
  9473 | D:7      | Reached skill level 8 in Unarmed Combat
  9477 | D:7      | Reached skill level 5 in Spellcasting
 10525 | D:8      | Noticed a two-headed ogre
 10556 | D:8      | Killed a two-headed ogre
 10701 | D:8      | Found Ovid's Book Boutique.
 10712 | D:8      | Bought a book of Misfortune for 220 gold pieces
 10716 | D:8      | Learned a level 3 spell: Confusing Touch
 10722 | D:8      | Learned a level 5 spell: Yara's Violent Unravelling
 10873 | D:8      | Noticed Maggie
 11590 | D:4      | Reached skill level 1 in Hexes
 11590 | D:4      | Reached XP level 10. HP: 56/61 MP: 19/19
 11707 | D:4      | Noticed Dowan
 11719 | D:4      | Killed Duvessa
 11720 | D:4      | Reached skill level 5 in Dodging
 11720 | D:4      | Reached skill level 9 in Unarmed Combat
 11720 | D:4      | Reached skill level 1 in Evocations
 11726 | D:4      | Killed Dowan
 11930 | D:5      | Paralysed by Grinder for 6 turns
 11943 | D:5      | Killed Grinder
 11944 | D:5      | Reached skill level 1 in Stealth
 13055 | D:9      | Found a staircase to the Lair.
 13691 | D:10     | Entered Level 10 of the Dungeon
 13985 | D:10     | Reached skill level 10 in Unarmed Combat
 14240 | D:10     | Noticed a gargoyle
 14316 | D:10     | Found Buomneg's Gadget Emporium.
 15138 | D:10     | Reached skill level 5 in Stealth
 15138 | D:10     | Reached XP level 11. HP: 25/68 MP: 21/21
 15656 | D:10     | Noticed a two-headed ogre
 15666 | D:10     | Killed a two-headed ogre
 15667 | D:10     | Reached skill level 11 in Unarmed Combat
 16104 | D:11     | Found a flagged portal.
 16105 | D:11     | Found a gate leading to a gauntlet.
 16131 | Gauntlet | Entered a Gauntlet
 16131 | Gauntlet | Found a transporter.
 16137 | Gauntlet | Noticed an orb spider
 16137 | Gauntlet | a black mamba changed into an orb spider
 16139 | Gauntlet | Found a transporter.
 16141 | Gauntlet | Found a transporter.
 16169 | Gauntlet | Noticed a deep troll
 16172 | Gauntlet | Noticed a glowing orange brain
 16172 | Gauntlet | a deep troll changed into a glowing orange brain
 16187 | Gauntlet | Found a transporter.
 16190 | Gauntlet | Found a transporter.
 16199 | Gauntlet | Noticed a catoblepas
 16201 | Gauntlet | Found a transporter.
 16204 | Gauntlet | Found the amulet of Vitality {Regen+ HP+15}
 16220 | Gauntlet | Found a transporter.
 16220 | Gauntlet | Noticed a wizard
 16223 | Gauntlet | Noticed a wizard
 16226 | Gauntlet | Noticed a wretched star
 16229 | Gauntlet | Found a transporter.
 16233 | Gauntlet | Found a runed translucent door.
 16242 | Gauntlet | Found a transporter.
 16245 | Gauntlet | Noticed a six-headed hydra
 16261 | Gauntlet | Found a transporter.
 16275 | Gauntlet | Found a transporter.
 16275 | Gauntlet | Found a transporter.
 16285 | Gauntlet | Noticed a swamp dragon
 16288 | Gauntlet | a swamp dragon changed into a snapping turtle
 16343 | Gauntlet | Found a transporter.
 16344 | Gauntlet | Found a transporter.
 16423 | Gauntlet | Noticed a boulder beetle
 16450 | Gauntlet | a boulder beetle changed into a slime creature
 17018 | Gauntlet | Learned a level 4 spell: Ice Form
 17027 | Gauntlet | Noticed a minotaur
 17027 | Gauntlet | HP: 3/68 [six-headed hydra (17)]
 17029 | Gauntlet | Slain by a six-headed hydra

Illustrated notes

Levels and vault maps discovered:
D:1:      dpeg_arrival_stonehenge_8_columns, layout_basic, serial_bayou_pond_d,
          minmay_close_crescents
D:2:      layout_basic, makhleb_altar_promises_db
D:3:      layout_basic, minivault_19, minmay_misc_feat_ornament
D:4:      layout_loops_corners, minitemple, uniq_duvessa
D:5:      minmay_skewed_foursquare, layout_loops_corners,
          minmay_temple_entry_glassed_door, minivault_5, uniq_grinder
D:6:      layout_cave_pools, uniq_prince_ribbit1, uniq_eustachio
D:7:      lemuel_insect_pit, layout_gridville, hangedman_ru_absence,
          grunt_ministairs_2, uniq_harold
D:8:      statuecave_lemuel, layout_rooms, serial_glass, glass_columns_c,
          glass_columns_b, serial_shops, nicolae_shop_crystal, uniq_maggie,
          uniq_psyche
D:9:      layout_loops_corners, lair_entry_dummy
D:10:     layout_stronghold, serial_shops, nicolae_shop_crystal
D:11:     layout_long_grid, erik_orc_2, gammafunk_ghost_mausoleum, serial_glass,
          glass_columns_a, glass_columns_a, glass_columns_c, glass_columns_a,
          minmay_strange_pillars, due_unseen_surprise, item_on_display_a,
          lightli_bailey_entry_fortress, gauntlet_entry_generic,
          serial_bayou_lake_a, uniq_urug, uniq_josephine
Gauntlet: minmay_gauntlet_77_tree [minmay_gauntlet_arena_77_squiggly,
          minmay_gauntlet_arena_77_box, minmay_gauntlet_arena_77_museum,
          minmay_gauntlet_arena_77_mess, minmay_gauntlet_arena_77_path,
          minmay_gauntlet_arena_77_checkered,
          minmay_gauntlet_arena_77_double_cross, gauntlet_exit_green]

Skill      XL: |  1  2  3  4  5  6  7  8  9 10 11 |
---------------+----------------------------------+-----
Unarmed Combat | 4 5 6 7 8 10 11 | 11.1
Poison Magic   | 1 3 4 |  4.1
Spellcasting   | 3 4 6 |  6.9
Dodging        | 3 4 5 |  5.5
Transmutations | 3 4 5 6 |  6.8
Fighting       | 2 3 |  3.9
Hexes          | 1 |  1.7
Evocations     | 1 |  1.5
Stealth        | 5 |  5.9

Action                   |  1- 3 |  4- 6 |  7- 9 | 10-12 || total
-------------------------+-------+-------+-------+-------++-------
Melee: Unarmed           |    77 |   182 |   263 |   280 ||   802
       Constrict         |    26 |    32 |     9 |    14 ||    81
       Tentacles         |    17 |    15 |    19 |    16 ||    67
       Punch             |     1 |     3 |     6 |     5 ||    15
       Kick              |     1 |       |       |       ||     1
 Cast: Beastly Appendage |     2 |     2 |       |       ||     4
       Spider Form       |       |     7 |    28 |    19 ||    54
       Blade Hands       |       |       |       |     2 ||     2
       Confusing Touch   |       |       |       |     1 ||     1
Evoke: Wand              |       |       |     7 |     3 ||    10
  Use: Scroll            |       |       |       |    12 ||    12
       Potion            |       |       |       |     1 ||     1
 Stab: Sleeping          |     8 |     6 |     4 |     5 ||    23
       Distracted        |       |       |     1 |       ||     1
       Paralysed         |       |       |       |    11 ||    11
Armor: Skin              |    11 |     9 |     7 |     8 ||    35
Dodge: Dodged            |    47 |   120 |   164 |   158 ||   489
